Cogmind - Beta 11 @@@ ROGUE MODE // 2022.03.16 @ 06:33:29 Player: LU-1G1 Result: Destroyed by D-53 Grenadier with Mini Grenade Launcher Performance ------------- Evolutions (0) 0 Regions Visited (2) 400 Robots Destroyed (16) 80 Value Destroyed (235) 235 Prototype IDs (1) 20 Alien Tech Used (0) 0 Bonus (0) 0 TOTAL SCORE: 735 Bonus ------- None Cogmind --------- Core Integrity 0/250 Matter 139/300 Energy 114/125 System Corruption 0% Temperature Cool (0) Movement Treading (160) Location -10/Mines Parts ------- > --- POWER (1) -------- Light Ion Engine > --- PROPULSION (2) --- Light Treads Light Treads > --- UTILITY (2) ------ Large Storage Unit Seismic Detector > --- WEAPON (2) ------- Autogun > --- INVENTORY (15) --- Light Treads Light Treads Light Treads Medium Storage Unit Improved Terrain Scanner Autogun Autogun Autogun Grenade Launcher Grenade Launcher Mace Peak State ------------ > --- POWER ------------ Ion Engine > --- PROPULSION ------- Light Treads Light Treads > --- UTILITY ---------- Large Storage Unit Seismic Detector > --- WEAPON ----------- Shotgun Shotgun > --- INVENTORY -------- Light Ion Engine Light Treads Light Treads Light Treads Light Treads Light Treads Medium Storage Unit Improved Terrain Scanner Autogun Autogun Autogun Autogun Grenade Launcher Grenade Launcher [Rating: 11] Favorites ----------- Power Ion Engine Engine Ion Engine Propulsion Light Treads Treads Light Treads Utility Large Storage Unit Device Seismic Detector Storage Large Storage Unit Weapon Shotgun Energy Cannon Advanced Beam Cannon Ballistic Gun Shotgun Launcher Grenade Launcher Build | -11 -10 -10 ------- Run | Scr Mat Min Slots Evolved . | . . . Power . | . . . Propulsion . | . . . Utility . | . . . Weapon . | . . . Parts Attached 19 | 6 7 6 Power 2 | 1 . 1 Engine 2 | 1 . 1 Core . | . . . Reactor . | . . . Propulsion 4 | 2 . 2 Treads 4 | 2 . 2 Leg . | . . . Wheel . | . . . Hover . | . . . Flight . | . . . Utility 3 | 1 2 . Device 1 | . 1 . Storage 2 | 1 1 . Processor . | . . . Hackware . | . . . Protection . | . . . Artifact . | . . . Weapon 10 | 2 5 3 Energy Gun . | . . . Energy Cannon 1 | . 1 . Ballistic Gun 7 | 2 3 2 Ballistic Cannon . | . . . Launcher 2 | . 1 1 Special Weapon . | . . . Impact Weapon . | . . . Slashing Weapon . | . . . Piercing Weapon . | . . . Special Melee Weapon . | . . . Unidentified Prototypes 1 | . 1 . Parts Lost 5 | . . 5 Power 1 | . . 1 Propulsion 2 | . . 2 Utility . | . . . Weapon 2 | . . 2 Highest Loss Streak 4 | . . 4 To Critical Strikes . | . . . Average Slot Usage (%) 92 | . 86 98 Engine 13 | . 14 13 Treads 27 | . 28 27 Device 7 | . . 14 Storage 14 | . 15 14 Ballistic Gun 27 | . 27 26 Naked Turns . | . . . Heaviest Build 33 | 13 33 32 Greatest Support 40 | 40 40 40 Greatest Overweight (x) 1 | 1 . . Average Overweight (x) . | . . . Largest Inventory Capacity 15 | 8 15 15 Average Capacity 13 | 7 14 15 Most Carried 15 | 8 15 15 Average Carried 11 | 5 11 14 Final Capacity 15 | 8 15 15 Final Carried 15 | 8 15 11 Class Distribution -------------------- 100% | Mutant Dominant Class ---------------- Mutant | -10/Materials Mutant | -10/Mines Resources | -11 -10 -10 ----------- Run | Scr Mat Min Matter Collected 470 | 316 128 26 Remotely . | . . . Salvage Created 464 | 135 290 39 Parts 28 | 10 18 . Haulers Intercepted 1 | . 1 . Recyclers Shooed . | . . . Parts Field Recycled . | . . . Retrieved Matter . | . . . Parts Self-Destructed . | . . . Prevented . | . . . Kills | -11 -10 -10 ------- Run | Scr Mat Min Combat Hostiles Destroyed 22 | . 6 16 Guns 1 | . 1 . AOE 21 | . 5 16 Classes Destroyed 8 | 2 5 1 Tunneler 4 | 4 . . Hauler 1 | . 1 . Recycler 2 | 1 1 . Operator 1 | . 1 . Watcher 2 | . 2 . Swarmer 3 | . 3 . Grunt 3 | . 3 . Assembled 16 | . . 16 Best Kill Streak 16 | 2 9 16 Combat Bots Only 16 | . 5 16 Max Kills in Single Turn 4 | 1 3 4 Gunslinging . | . . . Exploded 4 | . 3 4 Melee . | . . . Uniques/NPCs Destroyed . | . . . Combat | -11 -10 -10 -------- Run | Scr Mat Min Damage Taken 1198 | . 145 1053 Core 260 | . 33 227 Absorbed by Shields . | . . . Core Remaining (%) 100 | 100 . . Volleys Fired 49 | 14 21 14 Largest 2 | 2 2 2 Hottest 46 | 40 40 46 Shots Fired 85 | 28 39 18 Gun 74 | 28 36 10 Cannon . | . . . Launcher 11 | . 3 8 Special . | . . . Kinetic 74 | 28 36 10 Thermal . | . . . Explosive 11 | . 3 8 Electromagnetic . | . . . Robot Hit Streak 9 | 4 9 7 Robot Miss Streak 5 | 4 5 4 Penetration Max . | . . . Secondary Targets . | . . . Shots Hit Robots 48 | 13 20 15 Core Hits 63 | 8 19 36 Critical Kills 1 | 1 . . Critical Parts Destroyed . | . . . Critical Strikes 1 | 1 . . Destroy 1 | 1 . . Melee Attacks . | . . . Impact . | . . . Slashing . | . . . Piercing . | . . . Sneak Attacks . | . . . Combat Hostiles . | . . . Follow-up Attacks . | . . . Damage Inflicted 1625 | 157 418 1050 Guns 475 | 157 221 97 Cannons . | . . . Explosions 1144 | . 197 947 Melee . | . . . Ramming 6 | . . 6 Kinetic 475 | 157 221 97 Thermal . | . . . Explosive 1144 | . 197 947 Electromagnetic . | . . . Impact . | . . . Slashing . | . . . Piercing . | . . . Highest Corruption . | . . . Average Corruption . | . . . Corruption Purged . | . . . Corruption Blocked . | . . . Overload Shots . | . . . Overflow Damage 22 | . . 22 Projectiles . | . . . Explosions 22 | . . 22 Melee . | . . . Knockbacks . | . . . Impact . | . . . Kinetic . | . . . Secondary . | . . . Self-Inflicted Damage 147 | . . 147 Shots 5 | . . 5 Rammed 3 | . 1 2 Targets Rammed 3 | . 1 2 Kicked . | . . . Crushed . | . . . Highest Temperature 15 | . 6 15 Average Temperature 7 | . 4 8 Received Heat Transfer 90 | . 30 60 Siege Activations . | . . . Robots Corrupted . | . . . Combat Hostiles . | . . . Parts Fried . | . . . Impact Corruptions . | . . . Robots Melted . | . . . Combat Hostiles . | . . . Parts Melted . | . . . Heat Transferred . | . . . Parts Sabotaged . | . . . Parts Stolen . | . . . Parts Stripped . | . . . Power Chain Reactions . | . . . Missiles Intercepted . | . . . Alert | -11 -10 -10 ------- Run | Scr Mat Min Peak Influence 277 | 25 277 98 Initial 32 | . 16 32 Average 52 | 14 77 46 Maximum Alert Level 1 | . 1 . Low Security (%) 93 | 100 83 100 Level 1 6 | . 16 . Level 2 . | . . . Level 3 . | . . . Level 4 . | . . . Level 5 . | . . . High Security . | . . . Max Security . | . . . Squads Dispatched 1 | . 1 . Investigation . | . . . Extermination . | . . . Reinforcement 1 | . 1 . Assault . | . . . Garrison . | . . . Intercept . | . . . Searches Triggered . | . . . Construction Impeded . | . . . Haulers Reinforced . | . . . Active Scanning Responses . | . . . Cargo Convoy Interrupts . | . . . Stealth | -11 -10 -10 --------- Run | Scr Mat Min Distress Signals 2 | . 2 . Communications Jammed . | . . . Distress Signals . | . . . Times Spotted 33 | . 13 20 Peak Tracking Total 17 | . 6 17 Tactical Retreats . | . . . Traps | -11 -10 -10 ------- Run | Scr Mat Min Traps Triggered . | . . . Indirectly . | . . . Trap Hack Attempts . | . . . Triggered . | . . . Disarmed . | . . . Reprogrammed . | . . . Reused . | . . . Traps Extracted . | . . . Installed . | . . . Triggered . | . . . Machines | -11 -10 -10 ---------- Run | Scr Mat Min Machines Disabled . | . . . Max in Single Turn . | . . . Machines Sabotaged . | . . . Garrisons Compromised . | . . . Overloaded Fab Kills . | . . . Hacking | -11 -10 -10 --------- Run | Scr Mat Min Machines Accessed 2 | . 2 . Terminals 1 | . 1 . Fabricators . | . . . Repair Stations . | . . . Recycling Units 1 | . 1 . Scanalyzers . | . . . Garrison Access . | . . . Total Hacks 4 | . 4 . Successful 2 | . 2 . Failed 2 | . 2 . Catastrophic . | . . . Database Lockouts . | . . . Manual 4 | . 4 . Terminals 2 | . 2 . Fabricators . | . . . Repair Stations . | . . . Recycling Units 2 | . 2 . Scanalyzers . | . . . Garrison Access . | . . . Terminal Hacks 1 | . 1 . Robot Analysis 1 | . 1 . Fabricator Hacks . | . . . Repair Station Hacks . | . . . Recycling Unit Hacks . | . . . Scanalyzer . | . . . Garrison Access Hacks . | . . . Unauthorized Hacks 1 | . 1 . Terminals . | . . . Fabricators . | . . . Repair Stations . | . . . Recycling Units 1 | . 1 . Mask 1 | . 1 . Scanalyzers . | . . . Garrison Access . | . . . Data Cores Recovered . | . . . Used . | . . . Hacking Detections 2 | . 2 . Full Trace Events . | . . . Feedback Events . | . . . Feedback Blocked . | . . . Robot Schematics Acquired . | . . . Robots Built . | . . . Authchips . | . . . Time . | . . . Total Robot Build Rating . | . . . Part Schematics Acquired . | . . . Parts Built . | . . . Authchips . | . . . Time . | . . . Total Part Build Rating . | . . . Parts Repaired . | . . . Time . | . . . Parts Recycled . | . . . Recycled Matter . | . . . Retrieved Matter . | . . . Retrieved Components . | . . . Parts Scanalyzed . | . . . Part Schematics Acquired . | . . . Parts Damaged . | . . . Bothacking | -11 -10 -10 ------------ Run | Scr Mat Min Used RIF Installer . | . . . Robots Hacked . | . . . Non-combat . | . . . Combat . | . . . Robot Hacks Applied . | . . . Relay Couplers Released . | . . . Fabnet Peak Effective % . | . . . Robots Rewired . | . . . Allies Hacked . | . . . Hacks Repelled . | . . . Allies | -11 -10 -10 -------- Run | Scr Mat Min Total Allies 2 | . . 2 Largest Group 2 | . . 2 Highest-Rated Group 41 | . . 41 Highest-Rated Ally 31 | . . 31 Total Orders . | . . . Ally Attacks 1 | . . 1 Total Damage . | . . . Kills . | . . . Allies Corrupted . | . . . Allies Melted . | . . . Intel | -11 -10 -10 ------- Run | Scr Mat Min Robot Analysis Total 1 | . 1 . Derelict Logs Recovered . | . . . Drone Launches . | . . . Drone Recoveries . | . . . Exploration | -11 -10 -10 ------------- Run | Scr Mat Min Turns Passed 1270 | 264 502 504 Spaces Moved 675 | 134 251 290 Core 8 | 8 . . Treads 667 | 126 251 290 Legs . | . . . Wheels . | . . . Hover . | . . . Flight . | . . . Fastest Speed 50 | 50 160 160 Average Speed 159 | 155 160 160 Slowest Speed 160 | 160 160 160 Overloaded Moves . | . . . Propulsion Burnouts . | . . . Robots Hopped . | . . . Cave-ins Triggered . | . . . Exploration Rate (%) 36 | 7 36 67 Regions Visited 2 Branch Regions 1 Pre-discovered Areas . | . . . Known Exits Taken . | . . . Unknown Exits Taken 2 | 1 1 . Scrap Searched . | . . . Spaces Dug . | . . . Terrain Destroyed 86 | . 31 55 Melee . | . . . Projectile . | . . . AOE 86 | . 31 55 Terrain Rammed . | . . . Walls Destroyed . | . . . Machines Disabled . | . . . Actions | -11 -10 -10 --------- Run | Scr Mat Min Total 796 | 161 323 312 Wait 3 | . 3 . Move 673 | 133 250 290 Hop . | . . . Pick Up 30 | 8 22 . Fast Attach 9 | 6 3 . Attach 5 | . 1 4 Detach 1 | . 1 . Swap 5 | . 3 2 Drop 18 | . 18 . Fire 49 | 14 21 14 Melee . | . . . Ram . | . . . Kick . | . . . Crush 3 | . 1 2 Escape Stasis . | . . . Rewire . | . . . Trap . | . . . Miscellaneous . | . . . Route ------- -11/Scrapyard -10/Materials (discovered 2 exits: [*Min x2]) -10/Mines History --------- Turn | Location | Event 11 | -11/Scrapyard | Discovered new exit (range 15) 265 | -11/Scrapyard | Entered Materials 329 | -10/Materials | Build established: Mutant 533 | -10/Materials | Discovered new exit (range 12) 655 | -10/Materials | Discovered new exit (range 10) 767 | -10/Materials | Entered Mines 984 | -10/Mines | Assembled infested the area 989 | -10/Mines | Assisted by a Guerilla fighting off Assembled 1033 | -10/Mines | Destroyed 16 combat bots 1260 | -10/Mines | Core integrity fell below 50% 1264 | -10/Mines | Core integrity fell below 20% 1271 | -10/Mines | Destroyed by D-53 Grenadier with Mini Grenade Launcher Last Messages --------------- 01027_ U-05 Engineer lays Concrete. 01031_ U-05 Engineer builds a Wall. 01035_ U-05 Engineer lays Concrete. 01038_ U-05 Engineer builds a Wall. 01059_ Slammed into T-07 Excavator. 01142_ The unstable cave ceiling collapses. 01150_ U-05 Engineer builds a Wall. 01168_ Acquired 10 matter. 01170_ Acquired 16 matter. 01199_ Slammed into R-06 Scavenger. 01211_ A pair of derelicts emerge from the shadows: "We're, um, lost. You wouldn't happen to know the way out of here, would you?" 01253_ Ion Engine destroyed. 01253_ 78-XUH(z) destroyed. 01255_ ML-LI9(g) destroyed. 01258_ Shotgun destroyed. 01258_ Lgt. Treads destroyed. 01262_ The unstable cave ceiling collapses. 01268_ Shotgun destroyed. 01269_ The unstable cave ceiling collapses. Map ----- +----------------------------------------------------+ | ??????????????????????????????????????? | | ??????????????????????????????????????? | | ??????????????????????????????????????? | | ??????????????????????????????????????? | | ??????????????????????????????????????? | | ??????????????????????????????????????? | | ??????????????????????????????????????? | | ??????????????#####???????????????????? | | ??????????????# #???????????????????? | | ??????????????## ##??????????????????? | | ???????????????# ###????????????????? | | ???????????????# ##???????????????? | | ???????????????## #???????????????? | | ????????????????# #???????????????? | | ????????????????## #???????????????? | | ?????????????????## #???????????????? | | ??????????????????## #???????????????? | | ???????????????????# #???????????????? | | ???????????????????# #######?????????? | | ???????????#?####### ## #?????????? | | ??????????## # # # ##????????? | | ??????##### # #### ##???????? | | ??# % #??# #???????? | | ??????######## #??# #???????? | | ?????????????# #??# #???????? | | ?????????????# #??# # @ #???????? | | ?????????????# #??## ##???????? | | ?????????????# #???# #???????? | | ##???????????# #???## #???????? | | ##??????????# #????### d #??????? | | #??????##### #??????# d #?????? | | ########## ## ##?????# ## #?????? | | % ##????# ?? #?????? | | #????# ?? ##?????? | | ##########" #????#g??# #??????? | | #?????## ##????#????# ##??????? | | ####??????#######???????????# #???????? | | #???????????????????????????? #???????? | | ????????????????????????????? #???????? | | ??????????????????????????????????????? | | ??????????????????????????????????????? | | ??????????????????????????????????????? | | ??????????????????????????????????????? | | ??????????????????????????????????????? | | ?????????? ?????????????????????????? | | ?????????? ?????????????????????????? | | ?????????? ?????#??????????????????? | | ?????????? ???? #??????????????????? | | ?????????? ???? #??????????????????? | | ##???????? ???? ??????????????????? | +----------------------------------------------------+ Best States ------------- Heat Dissipation 25 Energy Generation 10 Energy Capacity 250 Matter Stores 300 Matter Capacity 300 Sight Range 16 Terrain Scan Density 10 Evasion (%) 40 Recoil Reduction 2 Item Schematics ----------------- None Robot Schematics ------------------ None Fabricated ------------ Nothing Alien Tech Used ----------------- None Achievements -------------- None Challenges ------------ None Game ------ Seed SubatomicMachineShotgun Manual? 0 Play Time 00:09:04 Cumulative 482.5 hours Start 2022.03.16 @ 06:18:25 End 2022.03.16 @ 06:33:29 Sessions 2 Manual Loads 0 Difficulty Rogue Special Mode None Game No. 477 Rogue 262 Adventurer 112 Explorer 103 Win Type - Total 31 Types 23/0/5/2/0/0/0/1/0 Lore% 85 Gallery% 89 Achievement% 80 Wizard Run 0 Options --------- ASCII 0 Keyboard 1 Movement Vi Keybinds 1 Fullscreen 2 Font 14/TerminusBold Map View 72x54 Tactical HUD 1 Map Filters NONE Filters NONE Steam 1 RUN: 3e9bcb32-c8b6-45e9-bf9c-e57dc100e6ec